 Dungeon Crawl Stone Soup version 0.29-a0-284-gf9362112df (webtiles) character file.

Game seed: 10330909625472135863

38039 flyleaff the Nimble (level 14, -2/125 HPs)
             Began as a Gnoll Monk on Mar 25, 2022.
             Was the Champion of Ashenzari.
             Killed from afar by a hell hog (23 damage)
             ... with a fireball
             ... in a volcano on Mar 27, 2022.
             The game lasted 01:09:41 (18760 turns).

flyleaff the Nimble (Gnoll Monk)                   Turns: 18760, Time: 01:09:41

Health: -2/125     AC: 15    Str: 13    XL:     14   Next: 0%
Magic:  32/32      EV: 22    Int: 10    God:    Ashenzari [******]
Gold:   390        SH:  9    Dex: 27    Spells: 8/41 levels left

rFire   . . .      SeeInvis +   d - +5 spear "Shackled With Me" {vamp, *Rage rElec rCorr, Evo, Elem} (curse)
rCold   . . .      Faith    .   C - +0 buckler of the Restrained Sage {Melee, Self} (curse)
rNeg    . . .      Spirit   .   w - +1 ring mail "Pangnostic Gnosis" {Fort, Elem} (curse)
rPois   .          Reflect  .   N - +1 hat of Ashenzari's Yoke {Evo, Self} (curse)
rElec   +          Harm     .   z - +0 cloak "Ruined With Me" {Bglg, Melee} (curse)
rCorr   +          Rampage  .   y - +0 pair of gloves of the Distant Augur {Elem, Fort} (curse)
Will    +....      Clarity  +   L - +1 pair of boots of Ashenzari's Secrets {Fly, Comp, Self} (curse)
Stlth   +++++.....              s - amulet "Tethered With Me" {RegenMP, Bglg, Elem} (curse)
HPRegen 0.30/turn               b - ring of the Cursed Sun {Dex+6, Melee, Cun} (curse)
MPRegen 0.63/turn               F - ring of the Cosmic Ordeal {Dex+6, Evo, Melee} (curse)

@: flying
A: fangs 1, strong nose, distributed training, weak 1, wild magic 1
a: Renounce Religion, Shatter the Chains


You were in a volcano.
You worshipped Ashenzari.
Ashenzari was exalted by your worship.
You visited 3 branches of the dungeon, and saw 17 of its levels.
You also visited: Bailey and Volcano.

You collected 1291 gold pieces.
You spent 901 gold pieces at shops.

Inventory:

Hand Weapons
 d - the cursed +5 spear "Shackled With Me" (weapon) {vamp, *Rage rElec rCorr, Evo, Elem}
   (You bought it in a shop on level 10 of the Dungeon)

   It occasionally heals its wielder for a portion of the damage dealt when it
   wounds a living foe.
   rElec:     It insulates you from electricity.
   *Rage:     It berserks you when you make melee attacks (+20% chance).
   rCorr:     It protects you from acid and corrosion.
   It has a curse which improves the following skills: Evocations: Evocations.
   Elements:  Fire Magic, Ice Magic, Air Magic and Earth Magic.
 i - a +2 double sword of holy wrath
Missiles
 a - 9 poisoned darts
 f - 7 silver javelins
 h - 11 javelins
 o - 20 boomerangs (quivered)
 r - a throwing net
 S - 2 boomerangs of dispersal
Armour
 w - the cursed +1 ring mail "Pangnostic Gnosis" (worn) {Fort, Elem}
   (You found it on level 3 of the Dungeon)

   It has a curse which improves the following skills: Fortitude: Armour and
   Shields.
   Elements:  Fire Magic, Ice Magic, Air Magic and Earth Magic.
 y - the cursed +0 pair of gloves of the Distant Augur (worn) {Elem, Fort}
   (You found it on level 6 of the Dungeon)

   It has a curse which improves the following skills: Elements: Fire Magic, Ice
   Magic, Air Magic and Earth Magic.
   Fortitude: Armour and Shields.
 z - the cursed +0 cloak "Ruined With Me" (worn) {Bglg, Melee}
   (You found it on level 6 of the Dungeon)

   It has a curse which improves the following skills: Beguiling: Conjurations,
   Hexes and Translocations.
   Melee Combat: Short Blades, Long Blades, Axes, Maces & Flails, Polearms,
   Staves and Unarmed Combat.
 B - a +0 crystal plate armour
 C - the cursed +0 buckler of the Restrained Sage (worn) {Melee, Self}
   (You found it on level 6 of the Dungeon)

   It has a curse which improves the following skills: Melee Combat: Short
   Blades, Long Blades, Axes, Maces & Flails, Polearms, Staves and Unarmed
   Combat.
   Introspection: Fighting and Spellcasting.
 L - the cursed +1 pair of boots of Ashenzari's Secrets (worn) {Fly, Comp, Self}
   (You found it in a bailey)

   It has a curse which improves the following skills: Companions: Summonings
   and Necromancy.
   Introspection: Fighting and Spellcasting.
 N - the cursed +1 hat of Ashenzari's Yoke (worn) {Evo, Self}
   (You found it on level 8 of the Dungeon)

   It has a curse which improves the following skills: Evocations: Evocations.
   Introspection: Fighting and Spellcasting.
Jewellery
 b - the cursed ring of the Cursed Sun (left hand) {Dex+6, Melee, Cun}
   (You found it on level 10 of the Dungeon)

   [ring of dexterity]

   Dex:       It affects your dexterity (+6).
   It has a curse which improves the following skills: Melee Combat: Short
   Blades, Long Blades, Axes, Maces & Flails, Polearms, Staves and Unarmed
   Combat.
   Cunning:   Dodging and Stealth.
 c - a ring of protection from fire
 s - the cursed amulet "Tethered With Me" (around neck) {RegenMP, Bglg, Elem}
   (You found it on level 3 of the Dungeon)

   [amulet of magic regeneration]

   It increases your rate of magic regeneration.
   It has a curse which improves the following skills: Beguiling: Conjurations,
   Hexes and Translocations.
   Elements:  Fire Magic, Ice Magic, Air Magic and Earth Magic.
 F - the cursed ring of the Cosmic Ordeal (right hand) {Dex+6, Evo, Melee}
   (You found it on level 7 of the Dungeon)

   [ring of dexterity]

   Dex:       It affects your dexterity (+6).
   It has a curse which improves the following skills: Evocations: Evocations.
   Melee Combat: Short Blades, Long Blades, Axes, Maces & Flails, Polearms,
   Staves and Unarmed Combat.
Wands
 q - a wand of flame (14)
 D - a wand of digging (4)
 U - a wand of acid (8)
 V - a wand of paralysis (10)
 X - a wand of iceblast (13)
Scrolls
 g - a scroll of enchant armour
 l - a scroll of silence
 n - a scroll of enchant weapon
 p - a scroll of brand weapon
 x - 9 scrolls of teleportation
 E - 4 scrolls of fog
 J - 2 scrolls of fear
 T - 3 scrolls of amnesia
 W - a scroll of summoning
Potions
 e - 4 potions of magic
 j - a potion of berserk rage
 k - a potion of curing
 m - 3 potions of lignification
 Q - 2 potions of brilliance
Miscellaneous
 t - a piece from Xom's chessboard (15/15)
 u - a condenser vane (inert)
 v - a box of beasts


   Skills:
 + Level 11.1(16.2) Fighting
 + Level 9.0(15.1) Short Blades
 + Level 11.1(17.3) Long Blades
 + Level 9.0(15.1) Axes
 + Level 9.0(15.1) Maces & Flails
 + Level 9.0(15.1) Polearms
 + Level 9.0(15.1) Staves
 + Level 9.0 Slings
 + Level 9.0 Bows
 + Level 9.0 Crossbows
 + Level 9.0 Throwing
 + Level 9.0(12.9) Armour
 + Level 11.1(13.7) Dodging
 + Level 9.9(12.5) Stealth
 + Level 9.0(12.9) Shields
 + Level 9.0(15.1) Unarmed Combat
 + Level 9.0(14.1) Spellcasting
 + Level 7.4(11.4) Conjurations
 + Level 7.4(11.4) Hexes
 + Level 7.4(10.1) Summonings
 + Level 7.4(10.1) Necromancy
 + Level 7.4(11.4) Translocations
 + Level 7.4 Transmutations
 + Level 7.4(13.5) Fire Magic
 + Level 7.4(13.5) Ice Magic
 + Level 7.4(13.5) Air Magic
 + Level 7.4(13.5) Earth Magic
 + Level 7.4 Poison Magic
 + Level 9.8 Invocations
 + Level 9.0(14.1) Evocations


You had 8 spell levels left.
You knew the following spells:

 Your Spells              Type           Power      Damage    Failure   Level
a - Confusing Touch       Hex            38%        N/A       1%          3
b - Vampiric Draining     Necr           35%        2d8       1%          3
c - Slow                  Hex            100%       N/A       1%          1
d - Hailstorm             Conj/Ice       41%        3d10      2%          4
e - Simulacrum            Ice/Necr       19%        N/A       30%         6
f - Fireball              Conj/Fire      20%        3d10      5%          5
g - Orb of Destruction    Conj           19%        9d8       87%         7
h - Passage of Golubria   Tloc           38%        N/A       3%          4

Your spell library contained the following spells:

 Spells                   Type           Power      Damage    Failure   Level
 Tukima's Dance           Hex            38%        N/A       1%          3
 Ice Form                 Ice/Tmut       36%        N/A       4%          4
 Iskenderun's Battlesphe  Conj           38%        2d9       8%          5
 Yara's Violent Unravell  Hex/Tmut       16%        3d8       16%         5
 Conjure Ball Lightning   Conj/Air       20%        3x3d6     24%         6


Dungeon Overview and Level Annotations

Branches:
Dungeon (10/15)            Temple (1/1) D:6            Lair (6/6) D:8
 Shoals (0/4) Lair:4        Snake (0/4) Lair:3        Slime (0/5) Lair:6
 Bailey (visited)         Volcano (1/1)
    Orc: D:9-12

Altars:
Ashenzari
Cheibriados
Dithmenos
Elyvilon
Fedhas
Gozag
Hepliaklqana
Kikubaaqudgha
Makhleb
Nemelex Xobeh
Okawaru
Qazlal
Ru
Sif Muna
Trog
Uskayaw
Vehumet
Wu Jian
Xom
Yredelemnul
Zin
The Shining One

Shops:
D:6 [*!=   D:7 *   D:10 (


Innate Abilities, Weirdness & Mutations

You have very sharp teeth.
Your uncanny sense of smell can sniff out nearby items.
Your experience applies equally to all skills.
You are weak. (Str -2)
Your spells are a little harder to cast, but a little more powerful.


Message History

The hell hog misses you.
The molten gargoyle blasts magma at you!
The bolt of magma hits you!
* * * LOW HITPOINT WARNING * * *
You barely miss the hell hog.
The hell hog is moderately wounded.
The hell hog breathes fire at you.
The fireball explodes!
The fireball engulfs you!
* * * LOW HITPOINT WARNING * * *
The fireball engulfs the molten gargoyle.
The molten gargoyle completely resists.
The fireball engulfs the hell hog.
The hell hog completely resists.
You hear an angry hiss.
Unknown command.
You feel better. The molten gargoyle closely misses you.
The hell hog completely misses you.
You hit the hell hog.
The hell hog is heavily wounded.
The hell hog bites you but does no damage.
The molten gargoyle blasts magma at you!
The bolt of magma misses you.
You barely miss the hell hog.
The hell hog is heavily wounded.
The hell hog completely misses you.
You puncture the hell hog!
The hell hog is heavily wounded.
The molten gargoyle blasts magma at you!
The bolt of magma hits you!!
* * * LOW HITPOINT WARNING * * *
Unknown command.
You feel better. The hell hog misses you.
The molten gargoyle completely misses you.
The hell hog bites you but does no damage.
Blink to where?
Press: ? - help, Dir - move target
As you read the scroll of blinking, it crumbles to dust.
You feel better. The hell hog breathes fire at you.
The fireball explodes!
The fireball engulfs you!!
You die...

##$$$#### # ##..8..###
#.##.....### ###########
#$[8.....#### ############
∆!#..⌠..###################
*∆D##.§.##########......####
+####9#######....≈§≈§≈.### *
,...#.§§###8.....≈≈≈≈≈≈§..§
*,
_..'.∩.'h@.....§§§§≈≈§§≈..
**
...#...###8..§§≈≈≈≈§≈§≈≈≈≈
+#####+######.§§≈≈≈≈§≈§≈≈≈§
*∆∆*#.D.######..§≈§§≈§≈≈≈≈≈≈
∆{*,.⌠..####§§≈≈§≈≈§≈≈≈§≈§§
*∆∆ ,,,,,###..§≈§§≈≈§§≈≈§≈≈§
{ * ,#...≈§≈≈≈§≈§≈§≈§§≈≈ **
* 8,,#....≈§≈≈§≈≈≈≈§≈≈≈≈ *
∆∆ ##.§.§§§≈≈§§≈≈≈≈§≈≈


You could see a hell hog (catching breath) and a molten gargoyle.

Vanquished Creatures
  The ghost of Piwky the Grappler, a journeyman TrMo (Lair:4)
  A minotaur (Lair:4)
  6 hydras
  A catoblepas (Lair:1)
  Nergalle (Lair:2)
  Urug (Lair:4)
  4 lindwurms (Lair:5)
  2 orc knights (Bailey)
  5 black mambas
  9 elephants (Lair:5)
  Maggie (D:10)
  A gargoyle (D:10)
  13 cane toads
  7 komodo dragons
  A kobold demonologist (D:10)
  3 rime drakes
  2 polar bears
  A troll (D:10)
  4 blink frogs
  A hornet (D:8)
  33 yaks
  A wraith (D:10)
  5 wyverns
  2 basilisks
  7 fire bats (Volcano)
  5 vampire mosquitoes
  2 steam dragons
  2 nagas (Lair:3)
  3 acid dragons
  3 hell hounds (Volcano)
  9 water moccasins
  6 orc warriors
  A sky beast (D:8)
  An ice beast (D:6)
  A black bear (Lair:3)
  12 wolves
  2 ogres (D:5)
  2 centaurs
  15 bullfrogs
  A kobold brigand (D:7)
  A scorpion (D:6)
  7 wights
  2 howler monkeys (D:7)
  6 lava snakes (Volcano)
  4 hounds
  4 jellies
  2 gnoll shamans (D:6)
  9 orc wizards
  2 iguanas (D:8)
  7 adders
  9 gnolls (D:6)
  An ufetubus (D:6)
  4 worms
  3 dart slugs
  32 orcs
  4 ball pythons
  4 endoplasms
  A giant cockroach (D:1)
  6 goblins
  7 hobgoblins
  3 quokkas
  2 bats
  4 frilled lizards
  21 kobolds
  4 rats
  2 bushes (D:2)
329 creatures vanquished.

Vanquished Creatures (collateral kills)
  5 yaks (Lair:4)
  Ijyb (D:3)
6 creatures vanquished.

Vanquished Creatures (others)
  32 fungi
  37 plants
69 creatures vanquished.

Grand Total: 404 creatures vanquished

Notes
Turn   | Place    | Note
-------+----------+-------------------------------------------
     0 | D:1      | flyleaff the Gnoll Monk began the quest for the Orb.
     0 | D:1      | Reached XP level 1. HP: 23/23 MP: 1/1
   296 | D:1      | Reached XP level 2. HP: 26/29 MP: 2/2
  1431 | D:2      | Reached XP level 3. HP: 35/35 MP: 3/3
  2072 | D:2      | Learned a level 3 spell: Confusing Touch
  2420 | D:3      | Reached skill level 1 in Invocations
  2433 | D:2      | HP: 1/35 [something (4)]
  2453 | D:2      | Reached skill level 1 in Short Blades
  2453 | D:2      | Reached skill level 1 in Axes
  2453 | D:2      | Reached skill level 1 in Maces & Flails
  2453 | D:2      | Reached skill level 1 in Polearms
  2453 | D:2      | Reached skill level 1 in Staves
  2453 | D:2      | Reached skill level 1 in Slings
  2453 | D:2      | Reached skill level 1 in Bows
  2453 | D:2      | Reached skill level 1 in Crossbows
  2453 | D:2      | Reached skill level 1 in Throwing
  2453 | D:2      | Reached skill level 1 in Armour
  2453 | D:2      | Reached skill level 1 in Shields
  2453 | D:2      | Reached skill level 1 in Unarmed Combat
  2453 | D:2      | Reached skill level 1 in Spellcasting
  2453 | D:2      | Reached skill level 1 in Evocations
  2453 | D:2      | Reached XP level 4. HP: 15/41 MP: 5/5
  3075 | D:3      | Found an opulent altar of Gozag.
  3094 | D:3      | Reached skill level 1 in Conjurations
  3094 | D:3      | Reached skill level 1 in Hexes
  3094 | D:3      | Reached skill level 1 in Summonings
  3094 | D:3      | Reached skill level 1 in Necromancy
  3094 | D:3      | Reached skill level 1 in Translocations
  3094 | D:3      | Reached skill level 1 in Transmutations
  3094 | D:3      | Reached skill level 1 in Fire Magic
  3094 | D:3      | Reached skill level 1 in Ice Magic
  3094 | D:3      | Reached skill level 1 in Air Magic
  3094 | D:3      | Reached skill level 1 in Earth Magic
  3094 | D:3      | Reached skill level 1 in Poison Magic
  3224 | D:3      | Reached XP level 5. HP: 47/47 MP: 6/6
  3758 | D:3      | Noticed Ijyb
  3787 | D:3      | Killed Ijyb
  4056 | D:3      | Found a faded altar of an unknown god.
  4581 | D:4      | Identified the +9 hand crossbow of Fate {elec, rElec}
  4940 | D:5      | Entered Level 5 of the Dungeon
  5068 | D:5      | Noticed an ogre
  5071 | D:5      | Killed an ogre
  5072 | D:5      | Reached XP level 6. HP: 53/53 MP: 8/8
  5261 | D:5      | Found a white marble altar of Elyvilon.
  5414 | D:5      | Reached XP level 7. HP: 59/59 MP: 10/10
  5496 | D:5      | Found a shadowy altar of Dithmenos.
  5946 | D:6      | Found a staircase to the Ecumenical Temple.
  5952 | Temple   | Entered the Ecumenical Temple
  5992 | Temple   | Became a worshipper of Ashenzari the Shackled
  6149 | D:6      | Found Ygaw's Distillery.
  6167 | D:6      | Bought a potion of curing for 33 gold pieces
  6167 | D:6      | Bought a potion of mutation for 88 gold pieces
  6167 | D:6      | Bought a potion of might for 44 gold pieces
  6167 | D:6      | Bought a potion of might for 44 gold pieces
  6167 | D:6      | Bought a potion of flight for 33 gold pieces
  6181 | D:6      | Reached * piety under Ashenzari
  6182 | D:6      | Reached skill level 5 in Short Blades
  6182 | D:6      | Reached skill level 5 in Axes
  6182 | D:6      | Reached skill level 5 in Maces & Flails
  6182 | D:6      | Reached skill level 5 in Polearms
  6182 | D:6      | Reached skill level 5 in Staves
  6182 | D:6      | Reached skill level 5 in Slings
  6182 | D:6      | Reached skill level 5 in Bows
  6182 | D:6      | Reached skill level 5 in Crossbows
  6182 | D:6      | Reached skill level 5 in Throwing
  6182 | D:6      | Reached skill level 5 in Armour
  6182 | D:6      | Reached skill level 5 in Shields
  6182 | D:6      | Reached skill level 5 in Unarmed Combat
  6182 | D:6      | Reached skill level 5 in Spellcasting
  6182 | D:6      | Reached skill level 5 in Invocations
  6182 | D:6      | Reached skill level 5 in Evocations
  6182 | D:6      | Reached XP level 8. HP: 69/69 MP: 10/15
  6183 | D:6      | Gained mutation: You have a pair of small antennae on your
                  | head. [potion of mutation]
  6344 | D:6      | Found Mooc Zetz's Jewellery Boutique.
  6436 | D:6      | Found Ynnoc's Armour Emporium.
  6686 | D:6      | Found Yrres's Assorted Antiques.
  6691 | D:6      | Bought a scroll of enchant weapon for 172 gold pieces
  7054 | D:7      | Reached XP level 9. HP: 70/75 MP: 15/17
  7272 | D:7      | Found Orchom's General Store.
  7305 | D:7      | Reached ** piety under Ashenzari
  7432 | D:7      | Found a flagged portal.
  7441 | Bailey   | Entered a bailey
  7449 | Bailey   | Noticed an orc knight
  7587 | Bailey   | Noticed an orc knight
  7612 | Bailey   | Killed an orc knight
  7640 | Bailey   | Killed an orc knight
  7913 | Bailey   | Reached XP level 10. HP: 81/82 MP: 18/18
  8703 | D:8      | Reached skill level 5 in Conjurations
  8703 | D:8      | Reached skill level 5 in Hexes
  8703 | D:8      | Reached skill level 5 in Summonings
  8703 | D:8      | Reached skill level 5 in Necromancy
  8703 | D:8      | Reached skill level 5 in Translocations
  8703 | D:8      | Reached skill level 5 in Transmutations
  8703 | D:8      | Reached skill level 5 in Fire Magic
  8703 | D:8      | Reached skill level 5 in Ice Magic
  8703 | D:8      | Reached skill level 5 in Air Magic
  8703 | D:8      | Reached skill level 5 in Earth Magic
  8703 | D:8      | Reached skill level 5 in Poison Magic
  8881 | D:8      | Found a staircase to the Lair.
  9127 | D:8      | Learned a level 3 spell: Vampiric Draining
  9129 | D:8      | Learned a level 1 spell: Slow
  9282 | D:8      | Reached *** piety under Ashenzari
  9663 | D:9      | Reached XP level 11. HP: 88/92 MP: 23/23
  9869 | D:9      | Reached **** piety under Ashenzari
  9878 | D:9      | Learned a level 4 spell: Hailstorm
  9885 | D:9      | Learned a level 6 spell: Simulacrum
  9926 | D:9      | Found a sacrificial altar of Ru.
 10179 | D:9      | Learned a level 5 spell: Fireball
 10187 | D:9      | Learned a level 7 spell: Orb of Destruction
 10394 | D:10     | Entered Level 10 of the Dungeon
 10412 | D:10     | Lost mutation: You have a pair of small antennae on your
                  | head. [potion of mutation]
 10412 | D:10     | Gained mutation: You have hidden genetic potential. [potion
                  | of mutation]
 10412 | D:10     | Gained mutation: You are frail. (-10% HP) [potion of
                  | mutation]
 10561 | D:10     | Noticed Maggie
 10568 | D:10     | Killed Maggie
 10834 | D:10     | Reached ***** piety under Ashenzari
 11182 | D:10     | Found Latsic's Antique Weapon Shoppe.
 11193 | D:10     | Bought a bloodstained spear for 200 gold pieces
 11193 | D:10     | Identified the +5 spear of Vekioz {vamp, *Rage rElec rCorr}
                  | (You bought it in a shop on level 10 of the Dungeon)
 11544 | Lair:1   | Entered Level 1 of the Lair of Beasts
 11795 | D:10     | Bought a jewelled great mace for 287 gold pieces
 11795 | D:10     | Identified the +6 great mace "Kilunapo" {freeze, Str+4
                  | Int+2} (You bought it in a shop on level 10 of the Dungeon)
 12116 | Lair:1   | Reached XP level 12. HP: 91/97 MP: 27/27
 12228 | Lair:1   | Lost mutation: You have hidden genetic potential. [potion
                  | of mutation]
 12228 | Lair:1   | Lost mutation: You are frail. (-10% HP) [potion of
                  | mutation]
 12228 | Lair:1   | Gained mutation: You tend to lose your temper in combat.
                  | [potion of mutation]
 12228 | Lair:1   | Gained mutation: Your muscles are strong. (Str +2) [potion
                  | of mutation]
 12543 | Lair:1   | Noticed a catoblepas
 12582 | Lair:1   | Killed a catoblepas
 12851 | Lair:2   | Noticed Nergalle
 12896 | Lair:2   | Killed Nergalle
 12897 | Lair:2   | Reached skill level 10 in Fighting
 12897 | Lair:2   | Reached skill level 10 in Long Blades
 12897 | Lair:2   | Reached skill level 10 in Dodging
 13062 | Lair:2   | Noticed a six-headed hydra
 13086 | Lair:2   | Killed a six-headed hydra
 13455 | Lair:2   | Reached ****** piety under Ashenzari
 14126 | Lair:3   | Found a staircase to the Snake Pit.
 14526 | Lair:1   | Lost mutation: You tend to lose your temper in combat.
                  | [potion of mutation]
 14526 | Lair:1   | Lost mutation: Your muscles are strong. (Str +2) [potion of
                  | mutation]
 14526 | Lair:1   | Gained mutation: You are weak. (Str -2) [potion of
                  | mutation]
 14526 | Lair:1   | Gained mutation: Your spells are a little harder to cast,
                  | but a little more powerful. [potion of mutation]
 14904 | Lair:4   | Found a runed translucent gate.
 14904 | Lair:4   | Noticed a six-headed hydra
 15000 | Lair:4   | Killed a six-headed hydra
 15010 | Lair:4   | Found a runed translucent gate.
 15010 | Lair:4   | Found a runed translucent gate.
 15013 | Lair:4   | Noticed a five-headed hydra
 15015 | Lair:4   | Noticed a minotaur
 15016 | Lair:4   | Noticed Piwky's ghost (journeyman TrMo)
 15062 | Lair:4   | Killed a minotaur
 15063 | Lair:4   | Reached XP level 13. HP: 101/116 MP: 30/30
 15088 | Lair:4   | Killed Piwky's ghost
 15428 | Lair:4   | Found a staircase to the Shoals.
 15654 | Lair:4   | Noticed Urug
 15670 | Lair:4   | Killed Urug
 17414 | Lair:5   | Learned a level 4 spell: Passage of Golubria
 18130 | Lair:6   | Entered Level 6 of the Lair of Beasts
 18168 | Lair:6   | Found a dark tunnel.
 18204 | Volcano  | Entered a volcano
 18694 | Volcano  | Noticed a fire dragon
 18718 | Volcano  | Reached XP level 14. HP: 121/125 MP: 32/32
 18745 | Volcano  | Found a radiant altar of Vehumet.
 18756 | Volcano  | HP: 4/125 [molten gargoyle/bolt of magma (22)]
 18760 | Volcano  | Killed from afar by a hell hog

Illustrated notes

Levels and vault maps discovered:
D:1:      minmay_arrival_cross, layout_basic, serial_forest,
          infiniplex_forest_clump_diagonal, infiniplex_forest_straight_2,
          infiniplex_forest_end_double, infiniplex_forest_clump_small,
          infiniplex_forest_lined_room_, infiniplex_forest_clump_medium,
          infiniplex_forest_clump_diagonal, minmay_strange_pillars
D:2:      layout_loops_ring, serial_forest, infiniplex_forest_clump_diagonal,
          infiniplex_forest_zigzag_1, infiniplex_forest_pool,
          infiniplex_forest_zigzag_1, infiniplex_forest_straight_4,
          infiniplex_forest_end_3, infiniplex_forest_clump_curved
D:3:      layout_basic, grunt_gozag_statues, basic_ecumenical_altar, uniq_ijyb
D:4:      layout_cave_pools, serial_bayou_pond_e
D:5:      layout_basic, nicolae_overflow_hidden_temple
D:6:      layout_loops_corners, minmay_temple_entry_fiery, serial_shops,
          shop_fountains, shop_coins, nicolae_shop_hallway_plus,
          nicolae_diamond_shop
D:7:      layout_loops_ring, serial_shops, shop, enter_bailey_8,
          kennysheep_generic_room_9
D:8:      layout_basic, minmay_lair_entry_grove
D:9:      layout_gridville, kennysheep_mini
D:10:     layout_gridville, serial_shops, nicolae_diamond_shop,
          serial_bayou_lagoon_a, st_stairs_4, uniq_maggie
Temple:   regret_index_temple_mists
Lair:1:   layout_cave_pods, hibernation_bobbens
Lair:2:   layout_long_grid, beast_lair_carwin_11, lemuel_fruit_tree,
          lemuel_fruit_fields, uniq_nergalle
Lair:3:   layout_long_grid, minmay_snake_entry_guardpost_small,
          guppyfry_lair_drakes
Lair:4:   layout_loops_ring, shoals_dummy_entry, maelrawn_ghost_gauntlet_escape,
          uniq_urug
Lair:5:   layout_layer_cave, minmay_lindwurm_lava
Lair:6:   evil_forest, layout_loops_ring, dpeg_slime_entry_enclosed_altar,
          enter_volcano_4, lemuel_fruit_fields
Volcano:  volcano_grotto [vgs_many_chambers]

Skill      XL: |  1  2  3  4  5  6  7  8  9 10 11 12 13 |
---------------+----------------------------------------+-----
Invocations    | 1 2 5 6 7 8 9 |  9.8
Short Blades   | 1 2 5 6 7 8 9 |  9.0
Axes           | 1 2 5 6 7 8 9 |  9.0
Maces & Flails | 1 2 5 6 7 8 9 |  9.0
Polearms       | 1 2 5 6 7 8 9 |  9.0
Staves         | 1 2 5 6 7 8 9 |  9.0
Slings         | 1 2 5 6 7 8 9 |  9.0
Bows           | 1 2 5 6 7 8 9 |  9.0
Crossbows      | 1 2 5 6 7 8 9 |  9.0
Throwing       | 1 2 5 6 7 8 9 |  9.0
Armour         | 1 2 5 6 7 8 9 |  9.0
Shields        | 1 2 5 6 7 8 9 |  9.0
Unarmed Combat | 1 2 5 6 7 8 9 |  9.0
Spellcasting   | 1 2 5 6 7 8 9 |  9.0
Evocations     | 1 2 5 6 7 8 9 |  9.0
Conjurations   | 1 4 5 6 7 |  7.4
Hexes          | 1 4 5 6 7 |  7.4
Summonings     | 1 4 5 6 7 |  7.4
Necromancy     | 1 4 5 6 7 |  7.4
Translocations | 1 4 5 6 7 |  7.4
Transmutations | 1 4 5 6 7 |  7.4
Fire Magic     | 1 4 5 6 7 |  7.4
Ice Magic      | 1 4 5 6 7 |  7.4
Air Magic      | 1 4 5 6 7 |  7.4
Earth Magic    | 1 4 5 6 7 |  7.4
Poison Magic   | 1 4 5 6 7 |  7.4
Fighting       | 8 9 10 11 | 11.1
Long Blades    | 8 9 10 11 | 11.1
Dodging        | 8 9 10 11 | 11.1
Stealth        | 6 7 8 9 |  9.9

Action                   |  1- 3 |  4- 6 |  7- 9 | 10-12 | 13-15 || total
-------------------------+-------+-------+-------+-------+-------++-------
Melee: Falchion          |   330 |    40 |    15 |    12 |       ||   397
       Bite              |    57 |     8 |     2 |   116 |   142 ||   325
       Punch             |     8 |     1 |       |       |       ||     9
       Dagger            |       |    53 |       |       |       ||    53
       Spear             |       |       |       |   572 |   704 ||  1276
 Fire: Hunting sling     |       |    22 |       |       |       ||    22
       Hand crossbow     |       |    23 |   153 |   280 |       ||   456
Throw: Boomerang         |     2 |       |       |       |    34 ||    36
 Cast: Confusing Touch   |       |       |     2 |     2 |     1 ||     5
Invok: Curse Item        |       |       |     3 |     7 |       ||    10
Evoke: Wand              |       |     1 |     1 |     1 |     1 ||     4
       Condenser vane    |       |       |       |       |     1 ||     1
  Use: Potion            |     1 |       |     6 |     7 |    10 ||    24
       Scroll            |       |    13 |     1 |     2 |     2 ||    18
 Stab: Sleeping          |     9 |       |       |     8 |    12 ||    29
       Confused          |       |       |     1 |     1 |       ||     2
       Distracted        |       |       |       |     1 |     2 ||     3
       Paralysed         |       |       |       |       |     6 ||     6
Armor: Leather armour    |    20 |    12 |       |       |       ||    32
       Robe              |     2 |       |       |       |       ||     2
       Ring mail         |       |    13 |     9 |   144 |   139 ||   305
Dodge: Dodged            |    55 |    58 |    33 |   503 |   391 ||  1040
Block: Buckler           |       |       |     6 |   249 |   183 ||   438

Table legend: (Time is in decaauts)
 A = Elapsed time spent in this place.
 B = Non-inter-level travel time spent in this place.
 C = Inter-level travel time spent in this place.
 D = Time resting spent in this place.
 E = Time spent auto-exploring this place.
 F = Levels seen in this place.
 G = Mean time per level.
                   A        B        C        D        E       F      G
               +--------+--------+--------+--------+--------+-----+--------+
         Total |  18379 |  17281 |   1098 |   1008 |  12768 |  19 |  967.3 |
       Dungeon |  10949 |  10397 |    552 |    154 |   8372 |  10 | 1094.9 |
        Temple |    196 |    174 |     22 |      0 |    141 |   1 |  196.0 |
          Lair |   6078 |   5556 |    522 |    595 |   3703 |   6 | 1013.0 |
        Bailey |    640 |    640 |      0 |      0 |    428 |   1 |  640.0 |
       Volcano |    514 |    514 |      0 |    259 |    123 |   1 |  514.0 |
               +--------+--------+--------+--------+--------+-----+--------+

Top non-repeatable levels by time:
  Lair:5: 1836 daAuts
     D:2: 1693 daAuts
     D:3: 1623 daAuts
  Lair:2: 1317 daAuts
     D:8: 1147 daAuts
     D:6: 1137 daAuts
  Lair:1: 1125 daAuts
    D:10: 1120 daAuts
     D:1: 1099 daAuts
  Lair:4: 1067 daAuts
     D:9: 882 daAuts
     D:7: 876 daAuts
     D:5: 841 daAuts
  Lair:3: 657 daAuts
  Bailey: 640 daAuts
